 Dungeon Crawl Stone Soup version 0.25-a0-632-g7713895373 (webtiles) character file.

Game seed: 13384474116695480765, levelgen mode: deterministic

128 GenChuck the Conjurer (level 4, 0/33 HPs)
             Began as a Draconian Conjurer on Mar 19, 2020.
             Slain by a water moccasin (7 damage)
             ... on level 4 of the Dungeon.
             The game lasted 00:24:53 (3972 turns).

GenChuck the Conjurer (Draconian Conjurer)          Turns: 3972, Time: 00:24:57

Health: 0/33       AC:  7    Str: 10    XL:     4   Next: 87%
Magic:  1/8        EV:  9    Int: 17    God:
Gold:   83         SH:  6    Dex: 11    Spells: 5/8 levels left

rFire    . . .     SeeInvis .   c - +5 dagger
rCold    . . .     Gourm    .   s - +0 kite shield
rNeg     . . .     Faith    .   (armour unavailable)
rPois    .         Spirit   .   (helmet restricted)
rElec    .         Reflect  .   a - +0 cloak
rCorr    .         Harm     .   f - +0 pair of gloves
MR       .....                  (no boots)
Stlth    ++........             (no amulet)
HPRegen  0.11/turn              k - ring of flight
MPRegen  0.11/turn              (no ring)

@: lethally poisoned (0 -> -9), berserk cooldown
A: unfitting armour, cold-blooded, AC +5
a: Evoke Flight


You were on level 4 of the Dungeon.
You were not hungry.

You visited 1 branch of the dungeon, and saw 4 of its levels.

You collected 83 gold pieces.

Inventory:

Hand Weapons
 c - a +5 dagger (weapon)
Armour
 a - a +0 cloak (worn)
 f - a +0 pair of gloves (worn)
 s - a +0 kite shield (worn)
Jewellery
 k - a ring of flight (left hand)
Wands
 n - a wand of random effects (14)
Scrolls
 e - 3 scrolls of identify
 m - 3 scrolls of blinking
 o - a scroll of remove curse
Potions
 w - a potion of curing {unknown}
Comestibles
 b - 7 rations
 h - 2 chunks of flesh


   Skills:
 - Level 0.2 Fighting
 + Level 2.1 Dodging
 - Level 2.0 Stealth
 - Level 0.5 Unarmed Combat
 + Level 2.8 Spellcasting
 * Level 5.4 Conjurations


You had 5 spell levels left.
You knew the following spells:

 Your Spells              Type           Power        Failure   Level  Hunger
a - Magic Dart            Conj           ###.         14%         1    #......
b - Searing Ray           Conj           ###...       21%         2    ##.....

Your spell library contained the following spells:

 Spells                   Type           Power        Failure   Level  Hunger
 Dazzling Flash           Conj/Hex       ##....       77%         3    ###....
 Fulminant Prism          Conj/Hex       ##........   99%         4    #####..
 Iskenderun's Mystic Bla  Conj/Tloc      ##......     99%         4    #####..


Dungeon Overview and Level Annotations

Branches:
Dungeon (4/15)
 Temple: D:4-7

Altars:
Elyvilon
Nemelex Xobeh


Innate Abilities, Weirdness & Mutations

Your plain brown scales are hard. (AC +5)
You cannot fit into any form of body armour.
You are cold-blooded and may be slowed by cold attacks.


Message History

Your magical contamination has completely faded away.
You closely miss the water moccasin.
The water moccasin is almost dead.
You feel sick.
The water moccasin bites you but does no damage.
The water moccasin barely misses you. You block the water moccasin's attack.
You closely miss the water moccasin.
The water moccasin is severely wounded.
* * * LOW HITPOINT WARNING * * *
You feel sick.
The water moccasin bites you but does no damage.
You block the water moccasin's attack.
It was a potion of cancellation.
Your magical effects are unravelling.
You feel magically purged.
You feel yourself speed up.
* * * LOW HITPOINT WARNING * * *
You feel sick. The water moccasin barely misses you.
The water moccasin bites you!
You die...

.....##........
..........⌠....
............._.
#.......⌠.(..
#........
#.#.#.#.#
#.#####........
#......S..##...
#......@..# ##
........÷.#####..
#####............
#............
#...........#
#............
#.........#.#
#........## #
#.......##


You could see a water moccasin.

Vanquished Creatures
  4 adders
  2 oozes
  3 worms (D:2)
  2 dart slugs
  2 leopard geckos
  An orc (D:3)
  4 ball pythons
  16 bats
  A giant cockroach (D:3)
  6 goblins
  7 hobgoblins
  7 kobolds
  A quokka (D:3)
  5 frilled lizards
  9 rats
70 creatures vanquished.

Notes
Turn   | Place    | Note
-------+----------+-------------------------------------------
     0 | D:1      | GenChuck the Draconian Conjurer began the quest for the
                  | Orb.
     0 | D:1      | Reached XP level 1. HP: 14/14 MP: 3/3
   269 | D:1      | Reached XP level 2. HP: 20/20 MP: 0/5
   920 | D:1      | Reached XP level 3. HP: 26/26 MP: 0/6
  2099 | D:2      | Found a sparkling altar of Nemelex Xobeh.
  2107 | D:2      | Reached skill level 5 in Conjurations
  2112 | D:2      | Reached XP level 4. HP: 29/33 MP: 0/7
  2633 | D:2      | Learned a level 2 spell: Searing Ray
  3927 | D:4      | Found a white marble altar of Elyvilon.
  3946 | D:4      | Noticed a water moccasin
  3972 | D:4      | Slain by a water moccasin

Levels and vault maps discovered:
D:1:      dpeg_arrival_subterranean_lakeside_camping, layout_basic
D:2:      layout_loops_cross, nemelex_xobeh_ov_fountains_minmay, first_ration
D:3:      layout_basic
D:4:      layout_basic, ashenzari_altar_1, elyvilon_altar_5,
          overflow_temple_1_default, minmay_fractal_squares_gapless_5

Skill      XL: |  1  2  3 |
---------------+----------+-----
Stealth        | 2 |  2.0
Dodging        | 2 |  2.1
Conjurations   | 5 |  5.4
Fighting       | |  0.2
Unarmed Combat | |  0.5
Spellcasting   | |  2.8

Action                   |  1- 3 |  4- 6 || total
-------------------------+-------+-------++-------
Melee: Unarmed           |    20 |       ||    20
       Dagger            |    16 |    10 ||    26
       Mace              |     6 |       ||     6
       Tailslap          |     3 |       ||     3
 Cast: Magic Dart        |    92 |    70 ||   162
  Use: Scroll            |       |    10 ||    10
       Potion            |       |     3 ||     3
  Eat: Chunk             |     4 |       ||     4
       Ration            |     1 |     1 ||     2
Armor: Skin              |    26 |    11 ||    37
Dodge: Dodged            |    45 |    12 ||    57
Block: Kite shield       |       |     7 ||     7

Table legend:
 A = Non-vault XP
 B = Vault XP
 C = Vault XP percentage of total XP
 D = Non-vault monster count
 E = Vault monster count
 F = Vault count percentage of total count
                 A         B        C        D         E       F
            +---------+---------+-------+---------+---------+-------
      Total |     175 |       9 |   4.9 |      64 |       6 |   8.6
            +---------+---------+-------+---------+---------+-------
        D:1 |      61 |       9 |  12.9 |      33 |       6 |  15.4
        D:2 |      78 |       0 |   0.0 |      19 |       0 |   0.0
        D:3 |      33 |       0 |   0.0 |      11 |       0 |   0.0
        D:4 |       3 |       0 |   0.0 |       1 |       0 |   0.0
            +---------+---------+-------+---------+---------+-------
